 Dungeon Crawl Stone Soup version 0.29.1-12-g30fa7ad0bf (webtiles) character file.

Game seed: 7518569199664008516

277 wingedge the Caller (level 6, -1/51 HPs)
             Began as a Hill Orc Summoner on Jan 7, 2023.
             Slain by an adder (2 damage)
             ... in a sewer.
             The game lasted 00:12:43 (3584 turns).

wingedge the Caller (Hill Orc Summoner)             Turns: 3584, Time: 00:12:44

Health: -1/51      AC:  2    Str: 11    XL:     6   Next: 25%
Magic:  0/10       EV: 12    Int: 17    God:
Gold:   92         SH:  0    Dex:  9    Spells: 5/11 levels left

rFire   + . .      SeeInvis .   p - +0 falchion
rCold   . . .      Faith    .   (no shield)
rNeg    . . .      Spirit   .   a - +0 robe
rPois   .          Reflect  .   (no helmet)
rElec   .          Harm     .   (no cloak)
rCorr   .          Rampage  .   (no gloves)
Will    .....      Clarity  +   (no boots)
Stlth   +.........              (no amulet)
HPRegen 0.17/turn               h - ring of protection from fire
MPRegen 0.12/turn               (no ring)

@: lethally poisoned (-1 -> -5), unable to drink, very slow
A: clarity, clumsy 1, inability to drink after injury 1
a: no special abilities


You were in a sewer.
You visited 1 branch of the dungeon, and saw 3 of its levels.
You also visited: Sewer.

You collected 92 gold pieces.

Inventory:

Hand Weapons
 p - a +0 falchion (weapon)
Armour
 a - a +0 robe (worn)
Magical Staves
 l - a staff of air
Jewellery
 h - a ring of protection from fire (left hand)
Scrolls
 c - 2 scrolls of enchant weapon {unknown}
 d - 2 scrolls of butterflies {unknown}
 e - 2 scrolls of magic mapping {unknown}
 f - a scroll of identify {unknown}
 g - a scroll of immolation {unknown}
Potions
 b - 3 potions of magic
 i - 2 potions of attraction
 o - a potion of might {unknown}


   Skills:
 - Level 3.0 Fighting
 - Level 2.0 Dodging
 - Level 1.5 Stealth
 - Level 3.0 Spellcasting
 * Level 5.4 Summonings
 + Level 1.0 Air Magic


You had 5 spell levels left.
You knew the following spells:

 Your Spells              Type           Power      Damage    Failure   Level
a - Summon Small Mammal   Summ           84%        N/A       1%          1
b - Call Imp              Summ           21%        N/A       2%          2
c - Call Canine Familiar  Summ           21%        N/A       5%          3

Your spell library contained the following spells:

 Spells                   Type           Power      Damage    Failure   Level
 Summon Guardian Golem    Hex/Summ       11%        N/A       17%         3
 Summon Lightning Spire   Summ/Air       13%        N/A       43%         4


Dungeon Overview and Level Annotations

Branches:
Dungeon (3/15)              Sewer (1/1)

Altars:

Shops:
D:2 *


Innate Abilities, Weirdness & Mutations

You possess an exceptional clarity of mind.
You are clumsy. (Dex -2)
You occasionally lose the ability to drink potions when taking damage.


Message History

The adder bites your hound but does no damage.
The bullfrog barely misses you. The ball python misses your hound. x2
Unknown command.
Unknown command.
It was a potion of cancellation.
Your magical effects are unravelling.
You feel magically purged.
You feel yourself slow down.
You feel sick.
The bullfrog releases a deep croak.
The bullfrog hits your hound! The adder misses you.
Your hound misses the adder. The adder bites your hound.
Your hound dies!
Your hound's corpse disappears in a puff of smoke!
The bullfrog hits you!
You feel threatened and lose the ability to drink potions!
* * * LOW HITPOINT WARNING * * *
Unknown command.
You cannot drink potions in your current state!
Casting: Call Canine Familiar (dangerous; 5% risk of failure)
Confirm with . or Enter, or press ? or * to list all spells.
A metallic apparition takes form in the air.
You feel sick. The ball python barely misses you.
The ball python closely misses you. The adder bites you but does no damage.
The adder barely misses you. The ball python misses you.
The ball python barely misses you. The bullfrog barely misses you.
The adder bites you.
* * * LOW HITPOINT WARNING * * *
Unknown command.
Casting: Call Imp (safe; 2% risk of failure)
Confirm with . or Enter, or press ? or * to list all spells.
You feel sick. The adder barely misses you. The adder misses you.
The bullfrog hits you.
* * * LOW HITPOINT WARNING * * *
The ball python barely misses you. x2; The adder bites you.
* * * LOW HITPOINT WARNING * * *
The adder bites you but does no damage. The bullfrog hits you.
* * * LOW HITPOINT WARNING * * *
The adder barely misses you. The adder bites you.
You die...

#.......#†........#
#......##'##......##
....†.###.5##......#
..~~.÷# #..###~....#
≈≈~≈≈≈# #####≈≈~≈≈≈#
≈≈÷≈≈≈# #≈≈~≈≈≈#
≈≈≈~~≈# #≈≈5≈≈≈#
≈≈≈≈≈~# #≈≈ShS≈#
≈≈≈≈~~# #≈≈F@S≈#
#.~~~≈# #≈SSSS≈#
~~[..≈# #≈≈≈F~≈#
≈..~.## #≈≈≈≈.≈#
~~≈≈≈≈# #≈≈≈≈.≈#
~≈≈≈≈≈# #≈≈≈≈~≈#
≈~~≈≈≈# #≈≈≈~≈≈#
≈≈≈~≈≈# #≈≈~~≈≈#
≈≈≈≈~≈# #≈≈~≈≈≈#


You could see 2 bullfrogs, 4 adders, 3 ball pythons, a friendly hound (summoned)
and a friendly iron imp (summoned).

Vanquished Creatures
  A river rat (D:3)
  2 adders (Sewer)
  A hobgoblin (D:1)
  A kobold (D:2)
  2 ball pythons (Sewer)
  A goblin (D:2)
8 creatures vanquished.

Vanquished Creatures (collateral kills)
  8 adders
  10 river rats
  3 worms
  2 dart slugs (D:2)
  12 ball pythons
  8 endoplasms
  A goblin (D:2)
  2 hobgoblins (D:1)
  6 jackals (D:2)
  2 kobolds (D:1)
  A quokka (D:2)
  4 bats
  3 frilled lizards
  22 rats
84 creatures vanquished.

Grand Total: 92 creatures vanquished

Notes
Turn   | Place    | Note
-------+----------+-------------------------------------------
     0 | D:1      | wingedge the Hill Orc Summoner began the quest for the Orb.
     0 | D:1      | Reached XP level 1. HP: 14/14 MP: 3/3
   417 | D:1      | Reached XP level 2. HP: 16/20 MP: 1/5
   961 | D:1      | Found a faded altar of an unknown god.
  1067 | D:2      | Reached XP level 3. HP: 21/26 MP: 3/6
  1125 | D:2      | Learned a level 2 spell: Call Imp
  1129 | D:2      | Learned a level 3 spell: Call Canine Familiar
  1394 | D:2      | Found Axonk's Assorted Antiques.
  1436 | D:2      | Reached skill level 5 in Summonings
  1840 | D:2      | Reached XP level 4. HP: 33/33 MP: 5/7
  2340 | D:3      | Reached XP level 5. HP: 29/39 MP: 5/9
  2439 | D:3      | Reached skill level 1 in Fighting
  2464 | D:3      | Gained mutation: Armour fits poorly on your strangely
                  | shaped body. [potion of mutation]
  2464 | D:3      | Gained mutation: You are covered in fur. (AC +1) [potion of
                  | mutation]
  2464 | D:3      | Gained mutation: You have an increased reservoir of magic.
                  | (+10% MP) [potion of mutation]
  2692 | D:3      | Found a glowing drain.
  2699 | Sewer    | Entered a sewer
  3195 | Sewer    | Reached XP level 6. HP: 49/51 MP: 5/11
  3579 | Sewer    | Reached skill level 1 in Air Magic
  3581 | Sewer    | Lost mutation: You are covered in fur. (AC +1) [potion of
                  | mutation]
  3581 | Sewer    | Lost mutation: You have an increased reservoir of magic.
                  | (+10% MP) [potion of mutation]
  3581 | Sewer    | Lost mutation: Armour fits poorly on your strangely shaped
                  | body. [potion of mutation]
  3581 | Sewer    | Gained mutation: You occasionally lose the ability to drink
                  | potions when taking damage. [potion of mutation]
  3581 | Sewer    | Gained mutation: You are clumsy. (Dex -2) [potion of
                  | mutation]
  3581 | Sewer    | Gained mutation: You possess an exceptional clarity of
                  | mind. [potion of mutation]
  3584 | Sewer    | HP: 1/51 [bullfrog (3)]
  3584 | Sewer    | Slain by an adder

Illustrated notes

Levels and vault maps discovered:
D:1:      dpeg_arrival_long_road, layout_loops_ring,
          dreamdust_ecumenical_altar_angels_and_demons
D:2:      layout_basic, serial_shops, nicolae_shop_window_shopping
D:3:      layout_basic, lightli_sewer_entry_pipes, minmay_lizard_king,
          uniq_sigmund
Sewer:    sewer_minmay_w

Skill      XL: |  1  2  3  4  5  6 |
---------------+-------------------+-----
Spellcasting   | 2 3 |  3.0
Summonings     | 5 |  5.4
Fighting       | 3 |  3.0
Dodging        | 2 |  2.0
Air Magic      | 1 |  1.0
Stealth        | |  1.5

Action                   |  1- 3 |  4- 6 || total
-------------------------+-------+-------++-------
Melee: Unarmed           |    26 |       ||    26
       Falchion          |     1 |    59 ||    60
 Cast: Summon Small Mamm |    41 |    15 ||    56
       Call Imp          |     6 |    13 ||    19
       Call Canine Famil |       |    13 ||    13
  Use: Potion            |       |     9 ||     9
 Stab: Distracted        |       |     1 ||     1
Armor: Robe              |     7 |    18 ||    25
Dodge: Dodged            |    36 |    96 ||   132
